 Dungeon Crawl Stone Soup version 0.31-a0-1447-g87ca8d402b (webtiles) character file.

Game seed: 959677581256914758

37 Arcadio the Changeling (level 3, -2/27 HPs)
             Began as a Merfolk Shapeshifter on Dec 27, 2023.
             Frozen to death by an endoplasm (5 damage)
             ... on level 1 of the Dungeon.
             The game lasted 00:01:25 (805 turns).

Arcadio the Changeling (Merfolk Shapeshifter)        Turns: 805, Time: 00:01:25

Health: -2/27      AC:  2    Str: 16    XL:     3   Next: 39%
Magic:  3/3        EV: 10    Int:  9    God:
Gold:   38         SH:  0    Dex: 13    Spells: 2/2 levels left

rFire   . .          .
                       - Unarmed
rCold   . . .        (no shield)
rNeg    . . .        a - +0 animal skin
rPois   .            (helmet currently unavailable)
rElec   .            (cloak currently unavailable)
rCorr   .            (gloves currently unavailable)
SInv    .            (boots currently unavailable)
Will    .....        (no amulet)
Stlth   +            (no ring)
HPRegen 0.24/turn    (no ring)
MPRegen 0.08/turn

%: no passive effects
@: beast-form, constricted
A: beast (slay +2), (nimble swimmer 2), mertail
a: Begin Untransformation


You were on level 1 of the Dungeon.
You were a hulking beast.
You visited 1 branch of the dungeon, and saw 2 of its levels.

You collected 38 gold pieces.

Inventory:

Armour
 a - a +0 animal skin (worn)
Talismans
 c - a beast talisman (active)
 d - a flux talisman
Scrolls
 g - a scroll of teleportation {unknown}
 r - a scroll of identify
Potions
 b - a potion of lignification
 f - a potion of might


   Skills:
 + Level 2.2 Fighting
 + Level 3.5 Dodging
 + Level 3.8 Unarmed Combat
 - Level 4.0 Shapeshifting


You had 2 spell levels left.
You didn't know any spells.
Your spell library was empty.

Dungeon Overview and Level Annotations

Branches:
Dungeon (2/15) Zot: 11200

Altars:


Innate Abilities, Weirdness & Mutations

You are a hulking beast.
Your limbs bulge with bestial killing power. (Slay +2)
((You are very nimble when in or above water. (Stealth+, EV+, Speed+++)))
Your lower body shifts to a powerful aquatic tail in water.


Message History

You climb downwards.
The ball python barely misses you. The ball python grabs you.
The ball python constricts you. The ball python bites you.
The ball python constricts you.
The endoplasm hits you but does no damage.
The goblin hits you with a +1 vampiric dagger.
There is a stone staircase leading up here.
You escape the ball python's grasp.
The jackal barely misses you. The endoplasm hits you.
The goblin hits you with a +1 vampiric dagger.
The ball python bites you but does no damage.
The ball python grabs you.
You stop ascending the stairs.
The ball python constricts you. The jackal bites you.
Unknown command.
You escape the ball python's grasp.
The jackal closely misses you. The endoplasm freezes you.
You are frozen.
The goblin hits you with a +1 vampiric dagger.
The ball python closely misses you. The ball python completely misses you.
You climb upwards.
There is a stone staircase leading down, spattered with blood here.
You see here a rat corpse.
You closely miss the jackal. The jackal bites you.
The goblin hits you but does no damage. The endoplasm hits you.
The ball python bites you. The ball python closely misses you.
You hit the jackal.
The jackal is almost dead.
The jackal bites you.
* * * LOW HITPOINT WARNING * * *
The goblin barely misses you. The endoplasm barely misses you.
The ball python closely misses you. The ball python grabs you.
The ball python constricts you. The jackal misses you.
You punch the jackal!
You kill the jackal!
The ball python bites you but does no damage.
The ball python constricts you.
The goblin hits you with a +1 vampiric dagger.
* * * LOW HITPOINT WARNING * * *
The endoplasm freezes you.
You are frozen.
You die...

.~.†.# #.# #.....#.# .....# #.#
###.###.# .....# #.# #########.#
#.# #### #....# #.# #.........#
#.###... ###### #.# ##...#####.#
#....... #.###......###.#
#####... #.##..####..##.# ####
###### ##....#+g#+#.##.#
.....###..#..#.Sh)#.##.### ######
#.##.##......#'J#+#......###.....
#.##.#..≈≈≈≈..####..≈≈≈§..##.####
#.##.#.≈≈≈≈≈≈......≈≈≈≈§≈....#
..##.#.≈≈≈≈≈≈......§§≈≈≈≈.####
#......≈≈≈≈≈≈.....§≈§≈§§≈.#
..##.#..≈≈≈≈...##...§§≈≈..#
..##..........###....§...##
#.##########........####.#


You could see an endoplasm, a goblin and a ball python.

Vanquished Creatures
  3 bats (D:1)
  4 endoplasms (D:1)
  A giant cockroach (D:1)
  6 goblins (D:1)
  4 hobgoblins (D:1)
  7 jackals (D:1)
  A kobold (D:1)
  2 ball pythons (D:1)
  2 rats (D:1)
30 creatures vanquished.

Notes
Turn   | Place    | Note
-------+----------+-------------------------------------------
     0 | D:1      | Arcadio the Merfolk Shapeshifter began the quest for the
                  | Orb.
     0 | D:1      | Reached XP level 1. HP: 15/15 MP: 1/1
   119 | D:1      | Reached XP level 2. HP: 18/21 MP: 2/2
   468 | D:1      | Reached XP level 3. HP: 26/27 MP: 3/3
   805 | D:1      | Frozen to death by an endoplasm

Illustrated notes

Levels and vault maps discovered:
D:1:      dpeg_arrival_pits, layout_loops_ring, skrybe_limestone_x
D:2:      layout_basic, minmay_hexomino_f4

Skill      XL: |  1  2 |
---------------+-------+-----
Dodging        | 3 |  3.5
Fighting       | 2 |  2.2
Unarmed Combat | |  3.8
Shapeshifting  | |  4.0

Action                     || total
---------------------------++-------
  Melee: Unarmed           ||    77
         Punch             ||     1
         Tailslap          ||     1
    Use: Scroll            ||     1
   Stab: Sleeping          ||     1
 Armour: Animal skin       ||    39
  Dodge: Dodged            ||    61
   Form: Beast             ||     1

Table legend: (Time is in decaauts)
 A = Elapsed time spent in this place.
 B = Non-inter-level travel time spent in this place.
 C = Inter-level travel time spent in this place.
 D = Time resting spent in this place.
 E = Time spent auto-exploring this place.
 F = Levels seen in this place.
 G = Mean time per level.
                   A        B        C        D        E       F      G
               +--------+--------+--------+--------+--------+-----+--------+
         Total |    798 |    771 |     27 |      0 |    590 |   2 |  399.0 |
       Dungeon |    798 |    771 |     27 |      0 |    590 |   2 |  399.0 |
               +--------+--------+--------+--------+--------+-----+--------+

Top non-repeatable levels by time:
     D:1: 790 daAuts
     D:2: 8 daAuts
